NYP
WILLIAMSPORT CROSSCUTTERS @ AUBURN DOUBLEDAYS
06/24/2048
 
TOP OF THE 1ST
Williamsport Crosscutters batting - Pitching for Auburn Doubledays : LHP Peni Keli'i
Pitching: LHP Peni Keli'i
Batting: RHB Jason Ostrom 0-0: Bunt missed!
0-1: Fly out, F8 (Flyball, 8RXD, EV 99.4 MPH)
Batting: SHB Art Kent 0-0: Foul Ball, location: 2F
0-1: Ball
1-1: Foul Ball, location: 2F
1-2: Strikes out swinging
Batting: RHB Xavier Castellanos 0-0: Ball
1-0: Swinging Strike
1-1: Ball
2-1: Ball
3-1: Foul Ball, location: 2F
3-2: Strikes out looking
Top of the 1st over - 0 runs, 0 hits, 0 errors, 0 left on base; Williamsport 0 - Auburn 0
BOTTOM OF THE 1ST
Auburn Doubledays batting - Pitching for Williamsport Crosscutters : LHP Drew Roemer
Pitching: LHP Drew Roemer
Batting: RHB Bobby Bricker 0-0: Ball
1-0: Called Strike
1-1: Foul Ball, location: 2F
1-2: Ball
2-2: Fly out, F8 (Line Drive, 8LD, EV 96.9 MPH)
Batting: LHB Chance McWilliams 0-0: Ball
1-0: TRIPLE (Line Drive, 78XD, EV 101.9 MPH)
Batting: RHB Nick Moreno 0-0: Called Strike
0-1: Foul Ball, location: 2F
0-2: Strikes out swinging
Batting: RHB Deshawn Boseman 0-0: Ball
1-0: Swinging Strike
1-1: Foul Ball, location: 2F
1-2: SINGLE (Groundball, 34D, EV 105.0 MPH)
Chance McWilliams scores
Batting: RHB Jim Towle 0-0: Ball
1-0: Called Strike
1-1: Ball
2-1: Foul Ball, location: 2F
2-2: Fly out, F3 (Line Drive, 3L, EV 63.8 MPH)
Bottom of the 1st over - 1 run, 2 hits, 0 errors, 1 left on base; Williamsport 0 - Auburn 1
TOP OF THE 2ND
Williamsport Crosscutters batting - Pitching for Auburn Doubledays : LHP Peni Keli'i
Batting: RHB John Manocchio 0-0: Called Strike
0-1: Ball
1-1: Ball
2-1: Ball
3-1: Fly out, F7 (Flyball, 7S, EV 89.4 MPH)
Batting: RHB John Parra 0-0: Ball
1-0: Called Strike
1-1: Called Strike
1-2: Ball
2-2: Foul Ball, location: 2F
2-2: Ground out 3-1 (Groundball, 34, EV 87.5 MPH)
Batting: LHB Chris Moody 0-0: Ball
1-0: Hit by Pitch
Batting: RHB Pete Deschamps 0-0: Ball
1-0: SINGLE (Groundball, 34D, EV 108.8 MPH)
Chris Moody to second
Runner from 2nd tries for 3rd, SAFE, throw by RF made to third
Batting: SHB Nick Chandler 0-0: Ball
1-0: Ball
2-0: Ball
3-0: Base on Balls
Pete Deschamps to second
Batting: RHB Nick Cottrell 0-0: Ball
1-0: Ground out 5-3 (Groundball, 56S, EV 68.8 MPH)
Top of the 2nd over - 0 runs, 1 hit, 0 errors, 3 left on base; Williamsport 0 - Auburn 1
BOTTOM OF THE 2ND
Auburn Doubledays batting - Pitching for Williamsport Crosscutters : LHP Drew Roemer
Batting: RHB Steve Bauman 0-0: Called Strike
0-1: Ground out 6-3 (Groundball, 56D, EV 87.5 MPH)
Batting: RHB Antonio Vallez 0-0: Ball
1-0: Ball
2-0: Fly out, F7 (Flyball, 7, EV 86.9 MPH)
Batting: RHB Jelexiz Cuenca 0-0: Foul Ball, location: 2F
0-1: Ball
1-1: Ball
2-1: Swinging Strike
2-2: Strikes out looking
Bottom of the 2nd over - 0 runs, 0 hits, 0 errors, 0 left on base; Williamsport 0 - Auburn 1
TOP OF THE 3RD
Williamsport Crosscutters batting - Pitching for Auburn Doubledays : LHP Peni Keli'i
Batting: RHB Jason Ostrom 0-0: Called Strike
0-1: Swinging Strike
0-2: Ball
1-2: Strikes out swinging
Batting: SHB Art Kent 0-0: Swinging Strike
0-1: Foul Ball, location: 2F
0-2: Foul Ball, location: 2F
0-2: Ground out 6-3 (Groundball, 6, EV 86.2 MPH)
Batting: RHB Xavier Castellanos 0-0: Ball
1-0: Called Strike
1-1: Ball
2-1: Foul Ball, location: 2F
2-2: Ground out 4-3 (Groundball, 4M, EV 81.2 MPH)
Top of the 3rd over - 0 runs, 0 hits, 0 errors, 0 left on base; Williamsport 0 - Auburn 1
BOTTOM OF THE 3RD
Auburn Doubledays batting - Pitching for Williamsport Crosscutters : LHP Drew Roemer
Batting: RHB Jessie Fisher 0-0: Ball
1-0: Called Strike
1-1: Fly out, F8 (Flyball, 8LM, EV 90.0 MPH)
Batting: RHB Bobby Bricker 0-0: Fly out, F8 (Flyball, 8LD, EV 95.0 MPH)
Batting: LHB Chance McWilliams 0-0: SINGLE (Line Drive, 3D, EV 100.0 MPH)
Batting: RHB Nick Moreno 0-0: Ball
1-0: Foul Ball, location: 2F
1-1: Swinging Strike
1-2: Fly out, F6 (Popup, 6M, EV 68.1 MPH)
Bottom of the 3rd over - 0 runs, 1 hit, 0 errors, 1 left on base; Williamsport 0 - Auburn 1
TOP OF THE 4TH
Williamsport Crosscutters batting - Pitching for Auburn Doubledays : LHP Peni Keli'i
Batting: RHB John Manocchio 0-0: Called Strike
0-1: Swinging Strike
0-2: Ball
1-2: Fly out, F8 (Line Drive, 78S, EV 93.8 MPH)
Batting: RHB John Parra 0-0: Called Strike
0-1: Ball
1-1: Called Strike
1-2: Fly out, F8 (Line Drive, 8LM, EV 108.8 MPH)
Batting: LHB Chris Moody 0-0: Called Strike
0-1: Called Strike
0-2: SINGLE (Groundball, 4, EV 97.5 MPH)
Batting: RHB Pete Deschamps 0-0: Ball
1-0: Called Strike
1-1: Ball
2-1: Foul Ball, location: 2F
2-2: Strikes out swinging
Top of the 4th over - 0 runs, 1 hit, 0 errors, 1 left on base; Williamsport 0 - Auburn 1
BOTTOM OF THE 4TH
Auburn Doubledays batting - Pitching for Williamsport Crosscutters : LHP Drew Roemer
Batting: RHB Deshawn Boseman 0-0: Foul Ball, location: 2F
0-1: Reached on error, E3 (Groundball, 34S, EV 89.4 MPH)
Batting: RHB Jim Towle 0-0: SINGLE (Line Drive, 89S, EV 93.8 MPH)
Deshawn Boseman to second
Runner from 2nd tries for 3rd, SAFE, throw by RF made to third
Batting: RHB Steve Bauman 0-0: Called Strike
Jim Towle is caught stealing 2nd base 2-4
0-1: Swinging Strike
0-2: Ball
1-2: Strikes out swinging
Batting: RHB Antonio Vallez 0-0: Ball
1-0: Ball
2-0: DOUBLE (Line Drive, 7LS, EV 99.4 MPH)
Deshawn Boseman scores
Batting: RHB Jelexiz Cuenca 0-0: Ball
1-0: Called Strike
1-1: Ball
2-1: Ground out 6-3 (Groundball, 6, EV 107.5 MPH)
Bottom of the 4th over - 1 run, 2 hits, 1 error, 1 left on base; Williamsport 0 - Auburn 2
TOP OF THE 5TH
Williamsport Crosscutters batting - Pitching for Auburn Doubledays : LHP Peni Keli'i
Batting: SHB Nick Chandler 0-0: Swinging Strike
0-1: Foul Ball, location: 2F
0-2: Ball
1-2: Ground out 4-3 (Groundball, 4, EV 98.8 MPH)
Batting: RHB Nick Cottrell 0-0: Called Strike
0-1: Ball
1-1: Ball
2-1: Foul Ball, location: 2F
2-2: Ball
3-2: Foul Ball, location: 2F
3-2: Foul Ball, location: 2F
3-2: Strikes out looking
Batting: RHB Jason Ostrom 0-0: Ball
1-0: Called Strike
1-1: Called Strike
1-2: Strikes out looking
Top of the 5th over - 0 runs, 0 hits, 0 errors, 0 left on base; Williamsport 0 - Auburn 2
BOTTOM OF THE 5TH
Auburn Doubledays batting - Pitching for Williamsport Crosscutters : LHP Drew Roemer
Batting: RHB Jessie Fisher 0-0: Ball
1-0: Swinging Strike
1-1: SINGLE (Groundball, 34D, EV 99.4 MPH)
Batting: RHB Bobby Bricker 0-0: Foul Ball, location: 2F
0-1: Foul Ball, location: 2F
0-2: Fielders Choice at 2nd, 5-4 (Groundball, 56S, EV 82.5 MPH)
Batting: LHB Chance McWilliams 0-0: Ball
1-0: Called Strike
1-1: Ball
Bobby Bricker steals 2nd base
2-1: Ball
3-1: Called Strike
3-2: Fly out, F9 (Flyball, 89XD, EV 106.2 MPH)
Runner from 2nd tags up, SAFE at 3rd, no throw by RF
Batting: RHB Nick Moreno 0-0: Ball
1-0: Ball
2-0: Ball
3-0: Called Strike
3-1: Ground out 4-3 (Groundball, 4M, EV 78.8 MPH)
Bottom of the 5th over - 0 runs, 1 hit, 0 errors, 1 left on base; Williamsport 0 - Auburn 2
TOP OF THE 6TH
Williamsport Crosscutters batting - Pitching for Auburn Doubledays : LHP Peni Keli'i
Batting: SHB Art Kent 0-0: Foul Ball, location: 2F
0-1: Called Strike
0-2: Ball
1-2: Ball
2-2: Strikes out looking
Pitching: LHP Gregg Huddleston
Batting: RHB Xavier Castellanos 0-0: Ball
1-0: Ground out 5-3 (Groundball, 5L, EV 95.0 MPH)
Batting: RHB John Manocchio 0-0: Foul Ball, location: 2F
0-1: Ball
1-1: Called Strike
1-2: Foul Ball, location: 2F
1-2: Foul Ball, location: 2F
1-2: Foul Ball, location: 2F
1-2: DOUBLE (Flyball, 9LD, EV 108.8 MPH)
Batting: RHB John Parra 0-0: Called Strike
0-1: Ball
1-1: Ball
2-1: Foul Ball, location: 2F
2-2: Ball
3-2: Foul Ball, location: 2F
3-2: Base on Balls
Batting: LHB Chris Moody Balk!
John Manocchio to third
John Parra to second
0-0: Ball
1-0: Ball
2-0: Ball
3-0: Called Strike
3-1: Called Strike
3-2: Foul Ball, location: 2F
3-2: Ground out 4-3 (Groundball, 4, EV 81.2 MPH)
Top of the 6th over - 0 runs, 1 hit, 0 errors, 2 left on base; Williamsport 0 - Auburn 2
BOTTOM OF THE 6TH
Auburn Doubledays batting - Pitching for Williamsport Crosscutters : LHP Drew Roemer
Batting: RHB Deshawn Boseman 0-0: SINGLE (Groundball, 6MS, EV 70.0 MPH) (infield hit)
Batting: RHB Jim Towle 0-0: Foul Ball, location: 2F
0-1: Hit by Pitch
Deshawn Boseman to second
Batting: RHB Steve Bauman 0-0: SINGLE (Groundball, 4MD, EV 82.5 MPH) (infield hit)
Deshawn Boseman to third
Jim Towle to second
Batting: RHB Antonio Vallez 0-0: Ball
1-0: Ball
2-0: Ball
3-0: Fly out, F9 (Flyball, 9, EV 83.1 MPH)
Runner from 3rd tags up, SCORES, throw by RF
Jim Towle to third
Batting: RHB Jelexiz Cuenca 0-0: Called Strike
0-1: Fly out, F8 (Flyball, 8RM, EV 71.2 MPH)
Batting: RHB Jessie Fisher 0-0: Foul Ball, location: 2F
0-1: Ball
1-1: Ball
2-1: Swinging Strike
2-2: Ball
3-2: Strikes out swinging
Bottom of the 6th over - 1 run, 2 hits, 0 errors, 2 left on base; Williamsport 0 - Auburn 3
TOP OF THE 7TH
Williamsport Crosscutters batting - Pitching for Auburn Doubledays : LHP Gregg Huddleston
Batting: RHB Pete Deschamps 0-0: Foul Ball, location: 2F
0-1: Ball
1-1: Fly out, F8 (Flyball, 8RXD, EV 98.1 MPH)
Batting: SHB Nick Chandler 0-0: Swinging Strike
0-1: Ball
1-1: Ball
2-1: Foul Ball, location: 2F
2-2: Foul Ball, location: 2F
2-2: Ball
3-2: Base on Balls
Pitching: RHP Jordan Amaker
Batting: RHB Nick Cottrell 0-0: Swinging Strike
0-1: Ball
1-1: Ball
2-1: Ball
3-1: Foul Ball, location: 2F
3-2: Strikes out looking
Batting: RHB Jason Ostrom 0-0: Ground out 4-3 (Groundball, 4S, EV 85.0 MPH)
Top of the 7th over - 0 runs, 0 hits, 0 errors, 1 left on base; Williamsport 0 - Auburn 3
BOTTOM OF THE 7TH
Auburn Doubledays batting - Pitching for Williamsport Crosscutters : LHP Drew Roemer
Batting: RHB Bobby Bricker 0-0: Ball
1-0: Ball
2-0: Ball
3-0: Base on Balls
Batting: LHB Chance McWilliams 0-0: Foul Ball, location: 2F
0-1: Ball
1-1: Foul Ball, location: 2F
1-2: Foul Ball, location: 2F
1-2: Ball
2-2: Foul Ball, location: 2F
2-2: Foul Ball, location: 2F
2-2: Ball
3-2: SINGLE (Groundball, 4MD, EV 100.0 MPH)
Bobby Bricker to second
Bobby Bricker to third
Pitching: RHP David Deon
Batting: RHB Nick Moreno 0-0: Ball
1-0: Hit by Pitch
Chance McWilliams to second
Batting: RHB Deshawn Boseman 0-0: Swinging Strike
0-1: Fly out, F8 (Flyball, 8LD, EV 85.0 MPH)
Runner from 3rd tags up, SCORES, throw by CF
Chance McWilliams to third
Batting: RHB Jim Towle 0-0: Ball
Nick Moreno steals 2nd base
1-0: Fly out, F5 (Flyball, 5D, EV 93.8 MPH)
Batting: RHB Steve Bauman 0-0: Ground out 6-3 (Groundball, 6, EV 96.9 MPH)
Bottom of the 7th over - 1 run, 1 hit, 0 errors, 2 left on base; Williamsport 0 - Auburn 4
TOP OF THE 8TH
Williamsport Crosscutters batting - Pitching for Auburn Doubledays : RHP Jordan Amaker
Batting: SHB Art Kent 0-0: Called Strike
0-1: Ball
1-1: Called Strike
1-2: Strikes out looking
Batting: RHB Xavier Castellanos 0-0: Foul Ball, location: 2F
0-1: Ball
1-1: Swinging Strike
1-2: Foul Ball, location: 2F
1-2: Ball
2-2: Strikes out swinging
Batting: RHB John Manocchio 0-0: Ball
1-0: Ball
2-0: Ball
3-0: Base on Balls
Batting: RHB John Parra 0-0: Called Strike
0-1: Fly out, F8 (Flyball, 8LD, EV 109.4 MPH)
Top of the 8th over - 0 runs, 0 hits, 0 errors, 1 left on base; Williamsport 0 - Auburn 4
BOTTOM OF THE 8TH
Auburn Doubledays batting - Pitching for Williamsport Crosscutters : RHP David Deon
Batting: RHB Antonio Vallez 0-0: Called Strike
0-1: Foul Ball, location: 2F
0-2: Ball
1-2: Strikes out swinging
Batting: RHB Jelexiz Cuenca 0-0: Ball
1-0: Ball
2-0: Swinging Strike
2-1: Ball
3-1: Base on Balls
Batting: RHB Jessie Fisher 0-0: Ball
1-0: Called Strike
1-1: Foul Ball, location: 2F
1-2: Strikes out looking
Batting: RHB Bobby Bricker 0-0: Called Strike
0-1: Foul Ball, location: 2F
0-2: Foul Ball, location: 2F
0-2: Strikes out swinging
Bottom of the 8th over - 0 runs, 0 hits, 0 errors, 1 left on base; Williamsport 0 - Auburn 4
TOP OF THE 9TH
Williamsport Crosscutters batting - Pitching for Auburn Doubledays : RHP Jordan Amaker
Pitching: RHP Oswaldo Vasquez
Batting: LHB Chris Moody 0-0: Called Strike
0-1: Ball
1-1: Swinging Strike
1-2: Ball
2-2: Strikes out swinging
Batting: RHB Pete Deschamps 0-0: Ball
1-0: Called Strike
1-1: Foul Ball, location: 2F
1-2: Strikes out swinging
Batting: SHB Nick Chandler 0-0: Called Strike
0-1: Foul Ball, location: 2F
0-2: Ball
1-2: Strikes out swinging
Top of the 9th over - 0 runs, 0 hits, 0 errors, 0 left on base; Williamsport 0 - Auburn 4
Tuesday, March 28th , 2023 - OOTP Baseball 23.10 Build 110